[Event "Titled Tuesday Blitz January 10 Early 2023"]
[White "Gledura, Benjamin"]
[Black "Torres Dominguez, David"]
[WhiteFideId "712779"]
[BlackFideId "2220857"]
[WhiteElo "2644"]
[BlackElo "1994"]
[Result "1/2-1/2"]
[Round "05"]
[TimeControl "180+2"]
[Date "2023.01.10"]
[WhiteClock "0:00:47"]
[BlackClock "0:00:07"]

1. e4 Nc6 2. Nf3 e5 3. Bc4 Bc5 4. d3 Nf6 5. O-O d6 6. c3 a6 7. Nbd2 Ba7 8. Bb3 h6 9. Re1 g5 10. Nf1 g4 11. N3d2 h5 12. Nc4 h4 13. Be3 h3 14. g3 b5 15. Bxa7 bxc4 16. Ba4 Bd7 17. Be3 cxd3 18. Qxd3 Rg8 19. b4 Qb8 20. Bb3 Nd8 21. a4 Ne6 22. Nd2 Ng5 23. Bxg5 Rxg5 24. Bd5 Nxd5 25. exd5 Rg6 26. Nc4 Kf8 27. Rf1 Qd8 28. f3 gxf3 29. Rxf3 Kg8 30. Raf1 f5 31. Qe2 Qg5 32. Kh1 f4 33. Qd2 Re8 34. Rg1 e4 35. Rxf4 e3 36. Nxe3 Rxe3 37. Rgf1 Re8 38. c4 Rg7 39. Kg1 Qe5 40. Qf2 Qe3 41. b5 Qxf2+ 42. Kxf2 axb5 43. axb5 Ra8 44. Re1 Ra2+ 45. Re2 Rxe2+ 46. Kxe2 Re7+ 47. Kd2 Rf7 48. Ke3 Rxf4 49. Kxf4 Kg7 50. Ke4 Kg6 51. Kd4 Kf6 52. c5 dxc5+ 53. Kxc5 Ke7 54. g4 Bxg4 55. Kc6 Kd8 56. d6 cxd6 57. Kxd6 Bf3 58. Ke5 Kc8 59. Kf4 Bg2 60. Kg3 Kb7 61. Kf2 Kb6 62. Kg1 Kxb5 63. Kf2 Kc5 64. Kg1 Kd4 65. Kf2 Ke4 66. Kg1 Kf4 67. Kf2 Kg4 68. Kg1 Be4 69. Kf2 Kf4 70. Kg1 Kf3 71. Kf1 Bf5 72. Kg1 Bg4 73. Kf1 Ke3 74. Kg1 Bf3 75. Kf1 Bg2+ 76. Kg1 Kf3 1/2-1/2


[Site "https://www.chess.com"]

[Event "Titled Tuesday Blitz January 10 Early 2023"]
[White "Pranav, V"]
[Black "Tologon tegin, Semetei"]
[WhiteFideId "25060783"]
[BlackFideId "13800574"]
[WhiteElo "2597"]
[BlackElo "2372"]
[Result "0-1"]
[Round "05"]
[TimeControl "180+2"]
[Date "2023.01.10"]
[WhiteClock "0:00:02"]
[BlackClock "0:00:08"]

1. e4 e5 2. Nf3 Nc6 3. Bb5 a6 4. Ba4 Nf6 5. O-O Be7 6. d3 b5 7. Bb3 O-O 8. Nc3 d6 9. a3 Bg4 10. Be3 Nd4 11. Bxd4 exd4 12. Nd5 c6 13. Nxf6+ Bxf6 14. h3 Bh5 15. g4 Bg6 16. Kg2 h5 17. Qd2 Qe7 18. Qf4 Be5 19. Nxe5 dxe5 20. Qh2 c5 21. Bd5 Rad8 22. f4 exf4 23. Qxf4 hxg4 24. hxg4 Rd6 25. Rh1 Qd7 26. Qh2 Qxg4+ 27. Kf2 Rf6+ 28. Ke1 Bh5 29. Qxh5 Qg3+ 30. Ke2 Qg2+ 31. Ke1 Rh6 32. Qxh6 gxh6 33. Rf1 Qxc2 34. Rf2 Qxd3 35. Rd1 Qe3+ 36. Re2 Qf4 37. Rd3 Kh7 38. Rf2 Qc1+ 39. Rd1 Qe3+ 40. Kf1 f5 41. Re1 Qd3+ 42. Kg2 Rg8+ 43. Bxg8+ Kxg8 44. exf5 Kf7 45. Re6 h5 46. Rh6 Qe4+ 47. Kf1 h4 48. Rxa6 d3 49. Ra7+ Kf6 50. Ra6+ Kg5 51. Rg6+ Kh5 52. Kg1 h3 53. Kh2 d2 54. Rxd2 Qf4+ 55. Kxh3 Qxd2 56. Rg3 Qd7 57. Rf3 Kg5 58. Kg3 Kf6 59. Rf2 c4 60. Kg2 Qc7 61. Kf1 Qc6 62. Ke2 Qe4+ 63. Kd2 Qd3+ 64. Ke1 Qe3+ 65. Kf1 Qc1+ 66. Kg2 Qd1 67. Rf3 Qe2+ 68. Rf2 Qd3 69. Rf3 Qe4 70. Kg3 Qe2 71. Rf2 Qe3+ 72. Kg2 Qd3 73. Rf3 Qd4 74. Rf2 Qg4+ 75. Kh2 Qh4+ 76. Kg2 Qh6 77. Kg3 Qc1 78. Kg2 Qe1 79. Rf3 Qh4 80. Rf2 Qd4 81. Rf3 Qxb2+ 82. Kg3 c3 0-1


[Site "https://www.chess.com"]

[Event "Titled Tuesday Blitz January 10 Early 2023"]
[White "Dardha, Daniel"]
[Black "Klose, Eli"]
[WhiteFideId "240990"]
[BlackFideId "16242955"]
[WhiteElo "2631"]
[BlackElo "1519"]
[Result "1-0"]
[Round "05"]
[TimeControl "180+2"]
[Date "2023.01.10"]
[WhiteClock "0:00:20"]
[BlackClock "0:00:10"]

1. Nf3 Nf6 2. e3 c5 3. c4 Nc6 4. b3 g6 5. Bb2 Bg7 6. Be2 O-O 7. O-O Rb8 8. d4 cxd4 9. Nxd4 d6 10. Nc3 Bd7 11. Rc1 Qa5 12. Nf3 Rfe8 13. Qd2 a6 14. Rfd1 b5 15. Nd5 Qxd2 16. Rxd2 Ne4 17. Rdc2 Bxb2 18. Rxb2 Rec8 19. cxb5 axb5 20. Rxc6 Rxc6 21. Nxe7+ Kf8 22. Nxc6 Bxc6 23. Nd4 Bd7 24. b4 Nc3 25. Rc2 Nxe2+ 26. Nxe2 Ra8 27. Nd4 Ra4 28. Rb2 Ra3 29. Kf1 Be6 30. Ke1 Bc4 31. Kd2 Ke7 32. Nc2 Ra8 33. a3 f5 34. h4 Ke6 35. Rb1 h6 36. Kc3 Ke5 37. f3 g5 38. hxg5 hxg5 39. Rh1 Rc8 40. Kb2 Bd3 41. Ne1 Be2 42. Rh7 f4 43. exf4+ Kxf4 44. Re7 Bf1 45. Re4+ Kg3 46. Rg4+ Kf2 47. Nc2 Bd3 48. Na1 Rg8 49. Nb3 Bf5 50. Rd4 Kxg2 51. Nd2 Rg6 52. Rd5 Bd7 53. Ne4 Kxf3 54. Nxg5+ Ke3 55. Kc3 Bc6 56. Rd3+ Kf4 57. Nf7 d5 58. Kd4 Re6 59. Rf3+ Kxf3 60. Ng5+ Kf4 61. Nxe6+ Kf5 62. Nc7 Kf6 63. Nxd5+ Ke6 64. Nc3 Kd6 65. Ne4+ Kc7 66. Ng5 Kb6 67. Ke5 Be8 68. Kd6 Bg6 69. Ne6 Bc2 70. Nf4 Ba4 71. Nd5+ Ka6 72. Kc6 Bd1 73. Nc7+ Ka7 74. Nxb5+ Ka6 75. Kc5 Be2 76. Nc7+ Kb7 77. Nd5 Bd1 78. b5 Be2 79. a4 Bd1 80. a5 Be2 81. Nc3 Ka7 82. Nxe2 1-0


[Site "https://www.chess.com"]

[Event "Titled Tuesday Blitz January 10 Early 2023"]
[White "Maksimenko, Viktor"]
[Black "Molina, Roberto Junio Brito"]
[WhiteFideId "13710478"]
[BlackFideId "2109450"]
[WhiteElo "2196"]
[BlackElo "2403"]
[Result "0-1"]
[Round "05"]
[TimeControl "180+2"]
[Date "2023.01.10"]
[WhiteClock "0:00:03"]
[BlackClock "0:00:13"]

1. d4 d5 2. c4 c6 3. Nf3 Nf6 4. e3 Bf5 5. Nc3 e6 6. Nh4 Bg6 7. Nxg6 hxg6 8. Rb1 a5 9. Bd3 Nbd7 10. h3 Bd6 11. O-O O-O 12. a3 Re8 13. c5 Bc7 14. f4 b6 15. b4 axb4 16. axb4 bxc5 17. bxc5 Nh7 18. Bd2 f5 19. Qe2 g5 20. Rb7 gxf4 21. exf4 Nhf6 22. Kh1 Kf7 23. Re1 g6 24. Bc2 Qc8 25. Rb3 Nf8 26. g4 fxg4 27. hxg4 N8d7 28. Kg2 Nf8 29. Nd1 Ra2 30. Nf2 Rxc2 31. Qd1 Rc4 32. Be3 Re7 33. Qf3 Qa6 34. Nd3 Ne4 35. Ne5+ Bxe5 36. fxe5+ Kg8 37. Rf1 Qc8 38. Bh6 Nh7 39. Kh1 Ra4 40. Rb2 Raa7 41. Qh3 Rf7 42. Rfb1 Rab7 43. Kg1 Rxb2 44. Rxb2 Rb7 45. Qg2 Qb8 46. Re2 Rb1+ 47. Kh2 Qd8 48. Kh3 Nhg5+ 49. Kh2 Nf3+ 50. Qxf3 Qh4+ 51. Qh3 Rh1+ 0-1


[Site "https://www.chess.com"]

[Event "Titled Tuesday Blitz January 10 Early 2023"]
[White "Ivic, Velimir"]
[Black "Mihajlov, Sebastian"]
[WhiteFideId "950122"]
[BlackFideId "1512110"]
[WhiteElo "2595"]
[BlackElo "2373"]
[Result "0-1"]
[Round "05"]
[TimeControl "180+2"]
[Date "2023.01.10"]
[WhiteClock "0:00:19"]
[BlackClock "0:00:39"]

1. e4 e6 2. d4 d5 3. Nc3 Nf6 4. e5 Nfd7 5. f4 c5 6. Nf3 Nc6 7. Be3 h6 8. Qd2 g5 9. fxg5 cxd4 10. Nxd4 Ndxe5 11. O-O-O hxg5 12. Bxg5 Qxg5 13. Qxg5 Bh6 14. Qxh6 Rxh6 15. Ndb5 Ke7 16. Be2 Bd7 17. h3 Rg8 18. Rhg1 Rg3 19. Nd6 b6 20. Bb5 Rhg6 21. Bxc6 Nxc6 22. Rgf1 Kxd6 23. Ne4+ Ke7 24. Nxg3 Rxg3 25. Rd2 Ne5 26. Rdf2 f5 27. b3 Ng6 28. Kd2 e5 29. Re1 e4 30. Re3 Rg5 31. g3 d4 32. Re1 e3+ 33. Kd3 Ne5+ 34. Kxd4 exf2 35. Rxe5+ 0-1


[Site "https://www.chess.com"]

[Event "Titled Tuesday Blitz January 10 Early 2023"]
[White "Melian, Juan Sebastian"]
[Black "Makarian, Rudik"]
[WhiteFideId "3706575"]
[BlackFideId "44105681"]
[WhiteElo "2293"]
[BlackElo "2545"]
[Result "0-1"]
[Round "05"]
[TimeControl "180+2"]
[Date "2023.01.10"]
[WhiteClock "0:00:26"]
[BlackClock "0:01:09"]

1. d4 Nf6 2. c4 e6 3. Nc3 Bb4 4. e3 O-O 5. Ne2 c6 6. a3 Ba5 7. Ng3 d5 8. Bd2 Re8 9. Bd3 Nbd7 10. cxd5 exd5 11. O-O Nf8 12. Re1 Bc7 13. b4 a6 14. a4 Ng6 15. b5 axb5 16. axb5 Rxa1 17. Qxa1 Ng4 18. Nce2 Qh4 19. h3 Nf6 20. Nf5 Bxf5 21. Bxf5 Ne4 22. Bxe4 Qxe4 23. bxc6 Nh4 24. f3 Qg6 25. g4 Nxf3+ 26. Kf2 Nxd2 27. cxb7 Qf6+ 0-1


[Site "https://www.chess.com"]

[Event "Titled Tuesday Blitz January 10 Early 2023"]
[White "Ozen, Bahadir"]
[Black "Yaksin, Oleg"]
[WhiteFideId "6337058"]
[BlackFideId "24105880"]
[WhiteElo "2369"]
[BlackElo "2389"]
[Result "1/2-1/2"]
[Round "05"]
[TimeControl "180+2"]
[Date "2023.01.10"]
[WhiteClock "0:00:25"]
[BlackClock "0:00:13"]

1. g3 g6 2. Bg2 Bg7 3. d4 c5 4. c3 cxd4 5. cxd4 d5 6. Nf3 Nf6 7. O-O O-O 8. Nc3 Ne4 9. Ne5 Nxc3 10. bxc3 Nc6 11. Nxc6 bxc6 12. Qa4 Bd7 13. Ba3 c5 14. Qd1 cxd4 15. cxd4 Bb5 16. Bc5 Qd7 17. Qd2 Rfc8 18. Rfc1 Rab8 19. Rab1 Bc4 20. e3 e6 21. Qa5 Bf8 22. Bxf8 Kxf8 23. Bf1 Rxb1 24. Rxb1 Bxf1 25. Kxf1 Qc7 26. Qxc7 Rxc7 27. Rb3 Ke7 28. Ra3 Kd7 29. Ke2 Kc8 30. Kd2 Kb7 31. Rb3+ Ka6 32. Ra3+ Kb5 33. Rb3+ Ka4 34. f3 h5 35. h3 a6 36. Rb6 a5 37. Rb3 g5 38. g4 hxg4 39. hxg4 Rd7 40. Kc2 Rc7+ 41. Kb2 Rc4 42. Ra3+ Kb5 43. Rd3 Rb4+ 44. Kc2 Rc4+ 45. Kb2 Rb4+ 46. Kc2 Rc4+ 47. Kb2 1/2-1/2


[Site "https://www.chess.com"]

[Event "Titled Tuesday Blitz January 10 Early 2023"]
[White "Shipov, Sergei"]
[Black "Soham Kamotra"]
[WhiteFideId "4113624"]
[BlackFideId "46647490"]
[WhiteElo "2541"]
[BlackElo "2319"]
[Result "1-0"]
[Round "05"]
[TimeControl "180+2"]
[Date "2023.01.10"]
[WhiteClock "0:00:33"]
[BlackClock "0:00:06"]

1. d4 Nf6 2. c4 b6 3. f3 Nc6 4. Nc3 e5 5. d5 Ne7 6. e4 Ng6 7. Be3 Bc5 8. Bxc5 bxc5 9. Bd3 d6 10. Nge2 O-O 11. O-O Nh5 12. g3 Qg5 13. Qc1 h6 14. Qxg5 hxg5 15. Nb5 a6 16. Nbc3 Ne7 17. Rab1 Rb8 18. b3 Bd7 19. Kg2 g6 20. Ng1 Rb4 21. Nh3 f6 22. Nf2 Rfb8 23. Bc2 Kf7 24. Nd3 R4b6 25. Rf2 a5 26. a4 R6b7 27. Nb5 Rh8 28. Kg1 Ke8 29. f4 gxf4 30. gxf4 exf4 31. Nxf4 Nxf4 32. Rxf4 Ng8 33. h4 Kf7 34. Rbf1 Kg7 35. Kf2 Rh5 36. Rg1 Re5 37. Ke3 Be8 38. Kd2 Bf7 39. Nc3 Rb8 40. Nd1 Rbe8 41. Ne3 Nh6 42. Rgf1 Ng8 43. Ng4 R5e7 44. Nxf6 Nxf6 45. Rxf6 Rh8 46. R6f4 Be8 47. Rg1 Re5 48. Bd1 Rh6 49. h5 Re7 50. Rfg4 Re5 51. hxg6 Rxg6 52. Bf3 Kf6 53. Ke3 Rxg4 54. Rxg4 Bg6 55. Rh4 Re8 56. Kf4 Rb8 57. Bd1 Rf8 58. Ke3 Re8 59. Rg4 Rh8 60. Bc2 Rh3+ 61. Kd2 Rh2+ 62. Kc3 Rh3+ 63. Kb2 Bh5 64. Rg8 Rh2 65. Kc3 Bf3 66. Rf8+ Ke5 67. Rxf3 1-0


[Site "https://www.chess.com"]

[Event "Titled Tuesday Blitz January 10 Early 2023"]
[White "Przybylski, Wojciech"]
[Black "Bartel, Mateusz"]
[WhiteFideId "1117599"]
[BlackFideId "1112635"]
[WhiteElo "2321"]
[BlackElo "2609"]
[Result "0-1"]
[Round "05"]
[TimeControl "180+2"]
[Date "2023.01.10"]
[WhiteClock "0:00:02"]
[BlackClock "0:00:10"]

1. e4 c5 2. Nf3 e6 3. b3 b6 4. Bb2 Bb7 5. Qe2 Nc6 6. c4 d6 7. d4 cxd4 8. Nxd4 Nxd4 9. Bxd4 Nf6 10. Nd2 Be7 11. Qe3 O-O 12. Bd3 Nd7 13. O-O Bf6 14. f4 Bxd4 15. Qxd4 e5 16. Qe3 exf4 17. Rxf4 Ne5 18. Bc2 Qc7 19. Bd1 Qc5 20. Nf1 Rfe8 21. Bc2 Ng6 22. Rg4 Re5 23. Rd1 Rae8 24. Qxc5 dxc5 25. Nd2 h5 26. Rg3 h4 27. Re3 R5e7 28. Rde1 Rd8 29. Nf3 Red7 30. e5 Bxf3 31. Rxf3 Nf8 32. Bf5 Rd2 33. Rf2 g6 34. Bg4 R8d4 35. h3 Kg7 36. Rfe2 Rxe2 37. Rxe2 Ne6 38. Kf2 g5 39. Bf3 Nf4 40. Rc2 Kg6 41. Ke3 Kf5 42. Bg4+ Kxe5 43. a3 Rd3+ 44. Kf2 Rxb3 45. Rd2 Rxa3 46. Rd7 f5 47. Bf3 Ra2+ 48. Ke1 Nxg2+ 49. Kf1 Ne3+ 50. Ke1 Kf4 51. Bc6 Nc2+ 52. Kd1 Nd4 53. Rd5 Ke3 54. Re5+ Kd3 55. Ke1 Nxc6 56. Rd5+ Nd4 57. Kf1 Ke3 58. Re5+ Kf3 59. Kg1 Re2 60. Rd5 Kg3 61. Kf1 Rf2+ 62. Ke1 Nf3+ 63. Kd1 Rd2+ 0-1


[Site "https://www.chess.com"]

[Event "Titled Tuesday Blitz January 10 Early 2023"]
[White "Tan, Zhongyi"]
[Black "Gurevich, Dmitry"]
[WhiteFideId "8603642"]
[BlackFideId "2000407"]
[WhiteElo "2517"]
[BlackElo "2393"]
[Result "0-1"]
[Round "05"]
[TimeControl "180+2"]
[Date "2023.01.10"]
[WhiteClock "0:00:08"]
[BlackClock "0:00:33"]

1. e4 c5 2. Nf3 d6 3. Bb5+ Bd7 4. Bxd7+ Qxd7 5. O-O Nc6 6. c3 Nf6 7. Re1 e6 8. d4 cxd4 9. cxd4 d5 10. e5 Ne4 11. Re3 Be7 12. Nc3 Nxc3 13. bxc3 Rc8 14. Ne1 Na5 15. Rg3 g6 16. Bh6 Rg8 17. Rc1 b5 18. Nd3 Nc4 19. Bg5 h5 20. Bxe7 Qxe7 21. Qe2 a6 22. h3 Kd7 23. Nc5+ Rxc5 24. dxc5 Qxc5 25. Rf3 Ke7 26. Rf4 g5 27. Rf6 g4 28. hxg4 hxg4 29. g3 Rg5 30. Rh6 Nxe5 31. Rh8 Rf5 32. Kg2 Rxf2+ 33. Qxf2 Qxf2+ 34. Kxf2 Nd3+ 35. Ke3 Nxc1 36. a3 Nb3 37. Ra8 Nc5 38. Kd4 Nb3+ 39. Ke3 Nc5 40. Ra7+ Kf6 41. Kd4 Ne4 42. Rxa6 Nxg3 43. Ke3 Ne4 44. Rc6 Ke5 45. Rc8 f5 46. Kd3 f4 47. Rg8 f3 48. Ke3 f2 49. Ke2 g3 50. Kf1 Kf4 51. Kg2 Ke3 52. Rf8 Ke2 53. Rf4 Nxc3 54. Kxg3 f1=Q 0-1


[Site "https://www.chess.com"]

[Event "Titled Tuesday Blitz January 10 Early 2023"]
[White "Weetik, Vjacheslav"]
[Black "Fisher_TheGalactic"]
[WhiteFideId "4153472"]
[WhiteElo "2423"]
[BlackElo "2530"]
[Result "1-0"]
[Round "05"]
[TimeControl "180+2"]
[Date "2023.01.10"]
[WhiteClock "0:00:06"]
[BlackClock "0:00:01"]

1. d4 b6 2. e4 Bb7 3. Bd3 e6 4. Nf3 d5 5. e5 c5 6. c3 Nc6 7. O-O Be7 8. Be3 c4 9. Bc2 Qc7 10. Nbd2 h6 11. b3 Na5 12. b4 Nc6 13. Ne1 O-O-O 14. f4 g6 15. a4 h5 16. a5 b5 17. a6 Ba8 18. Ndf3 Nh6 19. g3 Nb8 20. Ra5 Bc6 21. Ng2 Qb6 22. Qa1 Rdf8 23. h3 Nf5 24. Bf2 Nh6 25. Qb2 Bd7 26. Ng5 Qd8 27. Qc1 Nf5 28. Bd1 Qe8 29. Bf3 Bd8 30. Ra2 Bb6 31. g4 Ng7 32. Bh4 hxg4 33. hxg4 Rh6 34. Bg3 Rfh8 35. Kf2 Kc7 36. Ra1 Bc8 37. Ne3 Bxa6 38. Rh1 Bc8 39. Rxh6 Rxh6 40. Qd2 Nc6 41. f5 gxf5 42. gxf5 Nh5 43. Bh2 Nf6 44. Bf4 Nh5 45. Bh2 Qg8 46. Ng4 Rh8 47. Rg1 Ng7 48. Nf6 Rxh2+ 49. Rg2 Rxg2+ 50. Bxg2 Qh8 51. fxe6 fxe6 52. Nfh7 Nf5 53. Bh3 Qg7 54. Bxf5 exf5 55. e6 Nd8 56. Qf4+ Kb7 57. Qd6 Nxe6 58. Qxd5+ Ka6 59. Qc6 Nxg5 60. Qxc8+ 1-0


[Site "https://www.chess.com"]

[Event "Titled Tuesday Blitz January 10 Early 2023"]
[White "Borges Feria, Yasel"]
[Black "Goltseva, Ekaterina"]
[WhiteFideId "3504921"]
[BlackFideId "24173770"]
[WhiteElo "2439"]
[BlackElo "2283"]
[Result "1-0"]
[Round "05"]
[TimeControl "180+2"]
[Date "2023.01.10"]
[WhiteClock "0:00:06"]
[BlackClock "0:00:01"]

1. d4 Nf6 2. c4 e6 3. Nf3 d5 4. cxd5 exd5 5. Nc3 c6 6. Bg5 Be7 7. e3 Nbd7 8. Bd3 Nf8 9. Qc2 g6 10. O-O-O Ne6 11. Bh4 Ng7 12. Ne5 Bf5 13. Kb1 Bxd3 14. Qxd3 Nf5 15. Bxf6 Bxf6 16. f4 h5 17. g3 Qe7 18. Rhe1 O-O-O 19. Na4 Nd6 20. Nc5 Bxe5 21. fxe5 Nc4 22. Rc1 f6 23. exf6 Qxf6 24. e4 Rhf8 25. e5 Qf5 26. Qxf5+ Rxf5 27. Re2 b6 28. Ne6 Rg8 29. b3 Na5 30. Nf4 Kd7 31. Rd1 h4 32. Rg1 hxg3 33. hxg3 Ke7 34. Kc2 Nb7 35. Kd3 Nd8 36. Ke3 Ne6 37. Nxe6 Kxe6 38. g4 Rf7 39. Rf2 Rgf8 40. Rxf7 Rxf7 41. Rh1 Rg7 42. Rh8 c5 43. Re8+ Kd7 44. Ra8 Ke6 45. Rf8 Ke7 46. Rf6 g5 47. Rd6 cxd4+ 48. Kxd4 Rf7 49. Kxd5 Rf4 50. Rg6 Rxg4 51. Rg7+ Kf8 52. Rxa7 Rg2 53. Ke6 Rf2 54. Ra4 Re2 55. Rg4 1-0


[Site "https://www.chess.com"]

[Event "Titled Tuesday Blitz January 10 Early 2023"]
[White "Rangel, Daniel"]
[Black "Begmuratov, Khumoyun"]
[WhiteFideId "2124475"]
[BlackFideId "14210207"]
[WhiteElo "2207"]
[BlackElo "2387"]
[Result "0-1"]
[Round "05"]
[TimeControl "180+2"]
[Date "2023.01.10"]
[WhiteClock "0:00:05"]
[BlackClock "0:00:02"]

1. c4 Nf6 2. g3 e6 3. Bg2 d5 4. Nf3 b6 5. O-O Bb7 6. Ne5 Bd6 7. d4 Nbd7 8. Qa4 O-O 9. Nxd7 Qxd7 10. Qxd7 Nxd7 11. Nc3 c6 12. cxd5 cxd5 13. e4 dxe4 14. Nxe4 Bxe4 15. Bxe4 Rac8 16. Be3 Nf6 17. Bf3 Rc2 18. b3 Ba3 19. Bd1 Rc7 20. Bf3 Rfc8 21. Rfe1 Rc2 22. Bd1 R2c3 23. Bf3 Kf8 24. Re2 Bc1 25. Bxc1 Rxc1+ 26. Rxc1 Rxc1+ 27. Kg2 Rc3 28. Rd2 Ke7 29. d5 e5 30. d6+ Kd8 31. h4 Nd7 32. Be4 g6 33. h5 f5 34. Bd5 Nf6 35. h6 Nxd5 36. Rxd5 Rc5 37. Rd2 Kd7 38. b4 Rc6 39. Rd5 e4 40. g4 Rxd6 41. Re5 Rf6 42. Rd5+ Kc7 43. g5 Rf7 44. Re5 Kd7 45. Rd5+ Ke6 46. Rd8 Rd7 47. Rg8 Kf7 48. Rg7+ Ke6 49. Rg8 Re7 50. Ra8 Ke5 51. Kg3 Ke6 52. Kf4 Rd7 53. Rf8 Kd6 54. Rf6+ Ke7 55. Rc6 Rb7 56. Ke5 Rd7 57. Re6+ Kf7 58. Rf6+ Ke7 59. Rc6 Kf7 60. Rf6+ Ke8 61. Rc6 Re7+ 62. Kf6 Rf7+ 63. Ke6 Re7+ 64. Kf6 Kd7 65. Rc3 f4 66. Rc4 Re6+ 67. Kg7 e3 68. Kxh7 e2 69. Rc1 e1=Q 70. Rxe1 Rxe1 71. Kxg6 Re6+ 72. Kf7 Re7+ 73. Kf8 Ke6 74. g6 Rc7 75. g7 Rc8# 0-1


[Site "https://www.chess.com"]

[Event "Titled Tuesday Blitz January 10 Early 2023"]
[White "Krysa, Leandro"]
[Black "Buksa, Nataliya"]
[WhiteFideId "116807"]
[BlackFideId "14123622"]
[WhiteElo "2541"]
[BlackElo "2406"]
[Result "1/2-1/2"]
[Round "05"]
[TimeControl "180+2"]
[Date "2023.01.10"]
[WhiteClock "0:00:09"]
[BlackClock "0:00:11"]

1. e4 c5 2. Nf3 Nc6 3. d4 cxd4 4. Nxd4 e5 5. Nb5 d6 6. c4 Be7 7. N1c3 a6 8. Na3 f5 9. exf5 Bxf5 10. Bd3 Be6 11. O-O Nf6 12. Nc2 O-O 13. Bg5 Qd7 14. Rc1 Rae8 15. b3 Kh8 16. b4 Ng4 17. Bxe7 Qxe7 18. h3 Nf6 19. b5 axb5 20. cxb5 Nb8 21. f4 Nbd7 22. Qe2 Rc8 23. fxe5 Nxe5 24. Ne3 d5 25. Nf5 Qc5+ 26. Kh1 Nxd3 27. Qxd3 Ne4 28. Nxe4 dxe4 29. Rxc5 exd3 30. Rxc8 Bxc8 31. g4 Bxf5 32. gxf5 Rd8 33. Rd1 Kg8 34. Kg2 Kf7 35. a4 Kf6 36. Kf3 Rd4 37. a5 Ra4 38. Rxd3 Rxa5 39. Rd5 Ra3+ 40. Kg4 Ra4+ 41. Kg3 Rb4 42. h4 h5 43. Rc5 Rg4+ 44. Kh3 Rf4 45. Rc7 Rxf5 46. Rxb7 Rf3+ 47. Kg2 Rb3 48. b6 g6 49. Kh2 Kf5 50. Rg7 Rxb6 51. Kg3 Rb3+ 52. Kg2 Re3 53. Rg8 Re6 54. Kg3 Ke4 55. Rf8 Ke3 56. Rf3+ Ke2 57. Rf7 Re3+ 58. Kg2 Re4 59. Kg3 Rg4+ 60. Kh3 Ke3 61. Re7+ Kf3 62. Rf7+ Ke4 63. Re7+ Kf5 64. Rf7+ Ke6 65. Rf1 Re4 66. Kg3 Re3+ 67. Kg2 Re5 68. Kg3 Rf5 69. Re1+ Kf6 70. Ra1 Re5 71. Ra6+ Re6 72. Ra5 Re3+ 73. Kg2 Re5 74. Ra3 Kf5 75. Kg3 Rd5 76. Rf3+ Ke4 77. Rf6 Rd3+ 78. Kg2 Rd2+ 79. Kg3 Rd3+ 80. Kg2 Rd5 81. Rxg6 Kf4 82. Rg5 Rxg5+ 83. hxg5 Kxg5 84. Kh3 h4 85. Kh2 Kg4 86. Kg2 h3+ 87. Kh2 Kh4 88. Kh1 Kg3 89. Kg1 h2+ 90. Kh1 Kh3 1/2-1/2


[Site "https://www.chess.com"]

[Event "Titled Tuesday Blitz January 10 Early 2023"]
[White "Skvortsov, Andrei"]
[Black "Garakov, Mikhael"]
[WhiteFideId "24108600"]
[BlackFideId "4169034"]
[WhiteElo "2313"]
[BlackElo "2447"]
[Result "1/2-1/2"]
[Round "05"]
[TimeControl "180+2"]
[Date "2023.01.10"]
[WhiteClock "0:00:11"]
[BlackClock "0:00:11"]

1. e4 c5 2. Ne2 Nc6 3. Nbc3 e6 4. g3 g6 5. d4 cxd4 6. Nxd4 a6 7. Bg2 Bg7 8. Nde2 Nf6 9. O-O b5 10. e5 Ng4 11. Bxc6 dxc6 12. Qxd8+ Kxd8 13. f4 h5 14. Ne4 Bf8 15. Nd4 c5 16. Ng5 Ke8 17. Ndf3 Bb7 18. c4 bxc4 19. Bd2 Be7 20. h3 Nh6 21. Rac1 Bd5 22. Nh4 Rb8 23. Bc3 Kd7 24. Kf2 Kc6 25. Ke3 Rb7 26. Rc2 Bxg5 27. fxg5 Nf5+ 28. Nxf5 gxf5 29. h4 Be4 30. Rd2 Bd3 31. Rfd1 Rd8 32. Kf4 Rbd7 33. g6 fxg6 34. Kg5 f4 35. gxf4 Bf5 36. Rxd7 Rxd7 37. Rxd7 Kxd7 38. Kf6 Kc6 39. Bd2 Kd5 40. Be3 Kc6 41. Ke7 a5 42. a3 a4 43. Kd8 Bg4 44. Kc8 Bf5 45. Kb8 Kb6 46. Ka8 Kb5 47. Ka7 c3 48. bxc3 Kc4 49. Kb6 Kxc3 50. Bxc5 Kb3 51. Kb5 Bg4 52. Kc6 Bf5 53. Kd6 Bg4 54. Bb4 Bf5 55. Kc5 Bg4 56. Kd4 Bf5 57. Ke3 Bg4 58. Kd4 Bf5 59. Ke3 Bg4 60. Kd4 1/2-1/2


[Site "https://www.chess.com"]

[Event "Titled Tuesday Blitz January 10 Early 2023"]
[White "Shohat, Yotam"]
[Black "Sadubayev, Airat"]
[WhiteFideId "2813955"]
[BlackFideId "13713264"]
[WhiteElo "2346"]
[BlackElo "2320"]
[Result "0-1"]
[Round "05"]
[TimeControl "180+2"]
[Date "2023.01.10"]
[WhiteClock "0:00:04"]
[BlackClock "0:00:15"]

1. e4 c6 2. Nf3 d5 3. Nc3 dxe4 4. Nxe4 Nf6 5. Qe2 Nxe4 6. Qxe4 Qd5 7. Qh4 Qe6+ 8. Be2 Qg4 9. Qg3 g6 10. d4 Bg7 11. Bf4 Qxg3 12. hxg3 Bg4 13. O-O-O Nd7 14. a4 a5 15. Bc4 Nb6 16. Bb3 Nd5 17. Bh6 Bf6 18. Rde1 Bxf3 19. gxf3 Bxd4 20. Rh2 e6 21. Reh1 O-O-O 22. Bd2 h5 23. Bxa5 b6 24. Be1 Rhe8 25. Rh4 Bc5 26. Re4 Rd7 27. Re2 Red8 28. Bd2 Ne7 29. Bg5 Re8 30. Bxe7 Rexe7 31. c3 Re8 32. Rd1 Rxd1+ 33. Bxd1 Rh8 34. b4 Be7 35. Bc2 h4 36. Re1 hxg3 37. fxg3 Rh3 38. Rg1 Rh2 39. Be4 Kc7 40. f4 Bf6 41. Rg2 Rxg2 42. Bxg2 Bxc3 43. b5 cxb5 44. axb5 Be1 45. g4 f5 46. gxf5 gxf5 47. Kc2 Bg3 48. Kd3 Bxf4 49. Kd4 Kd6 50. Kc4 Be3 51. Bf3 Bc5 52. Bh5 Ke5 53. Bf7 Kf6 54. Bg8 Ke7 55. Bh7 Kf7 0-1


[Site "https://www.chess.com"]

[Event "Titled Tuesday Blitz January 10 Early 2023"]
[White "Kupervaser, Erez"]
[Black "Lewtak, Damian"]
[WhiteFideId "2814587"]
[BlackFideId "1141724"]
[WhiteElo "2269"]
[BlackElo "2381"]
[Result "0-1"]
[Round "05"]
[TimeControl "180+2"]
[Date "2023.01.10"]
[WhiteClock "0:01:12"]
[BlackClock "0:01:24"]

1. e4 g6 2. d4 Bg7 3. Nc3 d6 4. Be3 a6 5. h4 h5 6. Qd2 b5 7. O-O-O Bb7 8. f3 Nd7 9. Nh3 Nb6 10. a3 Nf6 11. Ng5 Nfd7 12. Kb1 c5 13. dxc5 dxc5 14. Nxb5 axb5 15. Bxb5 Qc7 16. f4 Bc6 17. Bxc6 Qxc6 18. e5 O-O 19. g4 Nc4 20. Qe2 Qb5 0-1


[Site "https://www.chess.com"]

[Event "Titled Tuesday Blitz January 10 Early 2023"]
[White "Volkov, Maksim"]
[Black "Boder, Jan"]
[WhiteFideId "54123070"]
[BlackFideId "16243226"]
[WhiteElo "2258"]
[BlackElo "2294"]
[Result "1-0"]
[Round "05"]
[TimeControl "180+2"]
[Date "2023.01.10"]
[WhiteClock "0:00:26"]
[BlackClock "0:00:02"]

1. d4 Nf6 2. c4 c5 3. Nf3 cxd4 4. Nxd4 e5 5. Nf3 Nc6 6. Nc3 Bb4 7. Bd2 O-O 8. e3 d6 9. a3 Bxc3 10. Bxc3 Be6 11. b3 Rc8 12. Be2 d5 13. cxd5 Nxd5 14. Bb2 f6 15. O-O Qd7 16. Nd2 Rfd8 17. Ne4 Na5 18. b4 Nc4 19. Bxc4 Rxc4 20. Nc5 Qc8 21. Qb3 b5 22. Nxe6 Qxe6 23. Rfd1 Rd7 24. Rac1 Nb6 25. h3 Kf7 26. Rb1 Ke7 27. Kh2 Qc6 28. f4 Rc2 29. Rg1 Rdd2 30. e4 Qxe4 31. Qg3 g6 32. fxe5 f5 33. Qg5+ Ke8 34. Bc3 Re2 35. Rbd1 Nd5 36. Bd2 Qxe5+ 37. Kh1 Qe7 38. Qh6 Qe4 39. Qg5 Qe7 40. Qg3 Qe4 41. Bg5 Kf7 42. Rde1 Rxe1 43. Rxe1 Re2 44. Rg1 Rc2 45. Qb3 Rc4 46. Qd1 Rd4 47. Qc1 Rc4 48. Qb2 Qd4 49. Qe2 Qe4 50. Qf2 Rd4 51. Re1 Qd3 52. Kh2 Re4 53. Qxa7+ Kg8 54. Rc1 Rc4 55. Bh6 1-0


[Site "https://www.chess.com"]

[Event "Titled Tuesday Blitz January 10 Early 2023"]
[White "Korchmar, Vasiliy"]
[Black "Jiganchine, Roman"]
[WhiteFideId "24131750"]
[BlackFideId "2603667"]
[WhiteElo "2438"]
[BlackElo "2205"]
[Result "1-0"]
[Round "05"]
[TimeControl "180+2"]
[Date "2023.01.10"]
[WhiteClock "0:01:58"]
[BlackClock "0:01:14"]

1. e4 c6 2. d4 d5 3. e5 Bf5 4. c4 e6 5. Nc3 Nd7 6. cxd5 cxd5 7. h4 h5 8. Bd3 Bxd3 9. Qxd3 Ne7 10. Nf3 Qb6 11. O-O Qa6 12. Nb5 Qb6 13. Nd6+ Kd8 14. Nxf7+ Ke8 15. Nxh8 Nf5 16. Ng6 Bb4 17. a3 Kf7 18. axb4 Kxg6 19. b5 Rf8 20. Bg5 Kh7 21. Ra4 g6 22. Rfa1 Rc8 23. Rxa7 Rc4 24. Ra8 Qxb5 25. Qa3 Rb4 26. Rd8 Nb6 27. Qa7 Nc4 28. Bf6 g5 29. Nxg5+ 1-0


[Site "https://www.chess.com"]